 Dungeon Crawl Stone Soup version 0.21.1-1-g345015fe64 (webtiles) character file.

62 kkklubsman the Ogre Mage (level 4, 0/39 HPs)
             Began as an Ogre Wizard on June 27, 2018.
             Slain by Schimscham's ghost (3 damage)
             ... on level 3 of the Dungeon.
             The game lasted 00:24:45 (2781 turns).

kkklubsman the Ogre Mage (Ogre Wizard)              Turns: 2781, Time: 00:24:45

Health: 0/39       AC:  4    Str: 11    XL:     4   Next: 8%
Magic:  3/10       EV: 10    Int: 20    God:
Gold:   83         SH:  0    Dex:  7    Spells: 7/12 levels left

rFire    . . .     SeeInvis .   x - +0 mace
rCold    . . .     Gourm    .   (no shield)
rNeg     . . .     Faith    .   a - +0 robe
rPois    .         Spirit   .   b - +0 hat
rElec    .         Reflect  .   g - +0 cloak
rCorr    .         Harm     .   (gloves unavailable)
MR       .....                  (boots unavailable)
Stlth    +.........             (no amulet)
HPRegen  0.13/turn              (no ring)
MPRegen  0.12/turn              (no ring)

@: no status effects
A: large, unfitting armour, tough skin 1
a: no special abilities


You were on level 3 of the Dungeon.
You were not hungry.

You visited 1 branch of the dungeon, and saw 3 of its levels.

You collected 83 gold pieces.

Inventory:

Hand Weapons
 d - a +0 hunting sling
 i - a +0 vampiric dagger
 j - a +0 club
 k - a +0 dagger
 l - a +0 whip
 o - a +0 falchion
 p - a +0 short sword
 t - a +0 club
 x - a +0 mace (weapon)
Missiles
 f - 56 arrows
 r - 32 bolts
 w - 22 sling bullets
Armour
 a - a +0 robe (worn)
 b - a +0 hat (worn)
 g - a +0 cloak (worn)
 q - a +0 chain mail of cold resistance
 v - a +0 robe
Scrolls
 n - 2 scrolls of identify
Potions
 h - a potion of invisibility
Books
 c - a book of Minor Magic

   Spells                             Type                      Level
   a - Magic Dart                     Conjuration                  1
   b - Blink                          Translocation                2
   c - Call Imp                       Summoning                    2
   d - Slow                           Hexes                        2
   e - Conjure Flame                  Conjuration/Fire             3
   f - Mephitic Cloud                 Conjuration/Poison/Air       3
Comestibles
 s - 2 rations


   Skills:
 + Level 0.2 Maces & Flails
 + Level 2.5 Dodging
 + Level 1.4 Stealth
 + Level 0.7 Unarmed Combat
 + Level 4.5 Spellcasting
 + Level 1.2 Conjurations
 + Level 1.0 Summonings
 + Level 0.8 Translocations


You had 7 spell levels left.
You knew the following spells:

 Your Spells              Type           Power        Failure   Level  Hunger
a - Magic Dart            Conj           #...         8%          1    None
b - Blink                 Tloc           N/A          13%         2    #......
c - Call Imp              Summ           #.......     12%         2    #......


Dungeon Overview and Level Annotations

Branches:
Dungeon (3/15)

Altars:
Fedhas

Annotations:
D:3 Natasha; Schimscham's ghost, amateur FoHu


Innate Abilities, Weirdness & Mutations

You are too large for most types of armour.
You have tough skin. (AC +1)


Message History

Aim: Natasha (heavily wounded)
The magic dart hits Natasha.
Natasha is heavily wounded.
Schimscham's ghost hits you! The orc barely misses you. Natasha claws you!
* * * LOW HITPOINT WARNING * * *
Casting: Magic Dart
Confirm with . or Enter, or press ? or * to list all spells.
Aiming: Magic Dart
Press: ? - help, Shift-Dir - straight line, f/p - Natasha
Aim: Natasha (heavily wounded)
The magic dart hits Natasha.
Natasha is heavily wounded.
Schimscham's ghost hits you.
* * * LOW HITPOINT WARNING * * *
The orc closely misses you. Natasha casts a spell at you.
The magic dart hits you!
* * * LOW HITPOINT WARNING * * *
Schimscham's ghost hits you.
You die...

#.......# ...
#†......####...
#..............
..####+#######..............
............................
.......÷#.####.#####..######
........'.#....# #..##
.....†..#.W.#### ##w.#
..........#@# #..#
..........oh####### ##.##
...........{o5#...# #o.#
...####.#####.....# #..# ...
.... #w..#...##o.# #.#.
##.########.#### ..
#....)oS{ow>..#
###########.#$# .# #


You could see Natasha, Schimscham's ghost, a dart slug and 2 orcs.

Vanquished Creatures
  An adder (D:2)
  An ooze (D:1)
  A worm (D:3)
  2 dart slugs (D:1)
  An orc (D:3)
  5 giant cockroaches
  4 goblins
  3 hobgoblins
  6 kobolds
  2 ball pythons (D:1)
  6 bats
  A frilled lizard (D:3)
  9 rats
42 creatures vanquished.

Notes
Turn   | Place    | Note
-------+----------+-------------------------------------------
     0 | D:1      | kkklubsman the Ogre Wizard began the quest for the Orb.
     0 | D:1      | Reached XP level 1. HP: 16/16 MP: 5/5
    90 | D:1      | Reached skill level 4 in Spellcasting
   261 | D:1      | Reached XP level 2. HP: 21/24 MP: 2/7
   728 | D:1      | Reached XP level 3. HP: 23/31 MP: 0/8
  1284 | D:2      | Reached skill level 1 in Conjurations
  1373 | D:2      | Found a faded altar of an unknown god.
  1868 | D:2      | Found a blossoming altar of Fedhas.
  2346 | D:2      | Learned a level 2 spell: Blink
  2349 | D:2      | Learned a level 2 spell: Call Imp
  2368 | D:3      | Reached skill level 1 in Summonings
  2368 | D:3      | Reached XP level 4. HP: 39/39 MP: 0/10
  2431 | D:3      | Noticed Natasha
  2461 | D:3      | Noticed Schimscham's ghost (amateur FoHu)
  2781 | D:3      | Slain by Schimscham's ghost

Skill      XL: |  1  2  3 |
---------------+----------+-----
Spellcasting   | 4 |  4.5
Dodging        | 2 |  2.5
Conjurations   | 1 |  1.2
Summonings     | 1 |  1.0
Maces & Flails | |  0.2
Stealth        | |  1.4
Unarmed Combat | |  0.7
Translocations | |  0.8

Action                   |  1- 3 |  4- 6 || total
-------------------------+-------+-------++-------
Melee: Unarmed           |    77 |       ||    77
       Club              |    35 |       ||    35
       Falchion          |       |     3 ||     3
Throw: Large rock        |       |     5 ||     5
       Stone             |       |     4 ||     4
 Cast: Magic Dart        |    89 |    19 ||   108
       Call Imp          |     1 |       ||     1
  Use: Potion            |     5 |       ||     5
       Scroll            |     3 |     1 ||     4
  Eat: Ration            |     2 |       ||     2
Armor: Robe              |    64 |     7 ||    71
Dodge: Dodged            |    82 |    18 ||   100
       Rpst.: Falchion   |       |     1 ||     1
